Description

Vibes mech build

Build Order

Why is there no SALT encoding or Overwolf build?

    0:18  Supply Depot  
    0:41  Barracks  
    0:47  Refinery  
    1:28  Orbital Command  
    1:31  Marine  
    1:49  Command Center  
    2:03  Factory  
    2:04  Barracks Tech Lab  
    2:38  Refinery  
    2:54  Siege Tank  
    3:03  Bunker  
    3:08  Command Center  
    3:09  Orbital Command  
    3:38  Siege Tank  
    3:47  Engineering Bay  
    4:10  Siege Tank  
    4:18  Refinery  
    4:28  Armory  
    4:30  Missile Turret  
    4:33  Missile Turret  
    4:36  Refinery  
    4:49  Orbital Command  
    4:53  Siege Tank  
    5:25  Thor  
    5:32  Orbital Command  
    5:45  Factory  
    5:47  Factory  
    6:06  Armory  
    6:08  Thor  
    6:16  Refinery  
    6:18  Refinery  
    6:27  Hellbat x2  
    6:28  Missile Turret  
    6:31  Factory Reactor  
    6:34  Factory Reactor  
    6:48  Terran Vehicle Weapons Level 1  
    6:51  Thor  
    6:53  Terran Vehicle And Ship Armor Level 1  
    7:07  Thor, Hellbat x2  
    7:15  Command Center  
    7:23  Hellbat, Factory x3  
    7:24  Hellbat  
    7:38  Hellbat x2  
    7:41  Thor  
    8:03  Thor  
    8:05  Infernal Pre-Igniter  
    8:07  Smart Servos  
    8:27  Command Center  
    8:32  Factory Tech Lab x3  
    8:44  Thor  
    9:00  Sensor Tower  
    9:03  Sensor Tower  
    9:04  Refinery  
    9:07  Refinery  
    9:20  Thor  
    9:37  Thor  
    9:40  Planetary Fortress  
    9:58  Factory  
      Factory x6  
      Starport x6  
      Orbital Command x10  
Spawning Tool Build Advisor. Get it on Overwolf

Go to:

Details

  • Created by: hrpdrp
  • Published on: May 30, 2019
  • Modified on: May 30, 2019
  • Patch: 4.7.1
Show

Export as new Build Order

Comments (0)

There are no comments. Be the first!

Create an account to comment!